 Dungeon Crawl Stone Soup version 0.29.1-2-gbd0b4ee654 (webtiles) character file.

Game seed: 14206181568056353234

4449 kingsuperguy the Basher (level 10, 0/81 (93) HPs)
             Began as a Hill Orc Monk on Nov 19, 2022.
             Was a Priest of Beogh.
             Slain by an orc knight
             ... wielding a +0 halberd
              (28 damage)
             ... in a bailey.
             The game lasted 00:20:24 (7719 turns).

kingsuperguy the Basher (Hill Orc Monk)             Turns: 7719, Time: 00:20:24

HP:   0/81 (93)     AC: 13    Str: 15 (17) XL:     10   Next: 37%
MP:   23/23         EV:  7    Int:  9 (12) God:    Beogh [***...]
Gold: 369           SH:  4    Dex:  8 (11) Spells: 13/13 levels left

rFire   + . .      SeeInvis .   v - +4 morningstar
rCold   + . .      Faith    .   (no shield)
rNeg    . . .      Spirit   .   u - +0 chain mail
rPois   .          Reflect  .   (no helmet)
rElec   .          Harm     .   x - scarf {rC+ rF+}
rCorr   .          Rampage  .   s - +0 pair of gloves
Will    .....                   (no boots)
Stlth   ..........              (no amulet)
HPRegen 0.23/turn               g - ring of wizardry
MPRegen 0.18/turn               n - ring of magical power

@: mighty, heavily drained
A: iridescent scales 1, large bone plates 1, clumsy 1
a: Renounce Religion, Smiting


You were in a bailey.
You worshipped Beogh.
Beogh was most pleased with you.
You visited 1 branch of the dungeon, and saw 7 of its levels.
You also visited: Bailey.

You collected 369 gold pieces.

Inventory:

Hand Weapons
 a - a +0 vorpal hand axe
 v - a +4 morningstar (weapon)
 z - a +2 hand axe of freezing
 A - a +0 dire flail
 B - a +4 battleaxe
 F - a +0 longbow
Missiles
 o - 3 javelins (quivered)
 r - 20 poisoned darts
 G - 2 curare-tipped darts
Armour
 b - a +0 robe
 j - a +0 leather armour
 s - a +0 pair of gloves (worn)
 u - a +0 chain mail (worn)
 x - a scarf of resistance (worn)
 C - a +0 pair of gloves
Jewellery
 g - a ring of wizardry (left hand)
 n - a ring of magical power (right hand)
 D - a ring of willpower
Wands
 y - a wand of roots (9)
 E - a wand of paralysis (5)
Scrolls
 c - 2 scrolls of poison {unknown}
 e - a scroll of magic mapping {unknown}
 i - 2 scrolls of noise {unknown}
 p - 2 scrolls of immolation {unknown}
 t - a scroll of fear {unknown}
 w - 2 scrolls of teleportation {unknown}
Potions
 d - 5 potions of flight
 f - a potion of heal wounds {unknown}
 k - 2 potions of haste
 m - a potion of magic
 q - a potion of might
 I - a potion of experience


   Skills:
 * Level 9.9 Fighting
 - Level 6.0(10.7) Axes
 * Level 11.5(12.0) Maces & Flails
 + Level 0.2 Throwing
 + Level 6.5 Armour
 + Level 3.9 Dodging
 + Level 2.3 Stealth
 - Level 1.1 Shields
 - Level 2.1 Spellcasting
 - Level 0.3 Necromancy
 * Level 6.6 Invocations


You had 13 spell levels left.
You didn't know any spells.
Your spell library contained the following spells:

 Spells                   Type           Power      Damage    Failure   Level
 Beastly Appendage        Tmut           0%         N/A       88%         1
 Ensorcelled Hibernation  Hex/Ice        0%         N/A       95%         2
 Passwall                 Tmut/Erth      0%         N/A       95%         2
 Wereblood                Tmut           0%         N/A       95%         2
 Frozen Ramparts          Ice            0%         1d1       99%         3
 Spider Form              Tmut/Pois      0%         N/A       99%         3
 Swiftness                Air            0%         N/A       99%         3
 Anguish                  Hex/Necr       0%         N/A       100%        4
 Ice Form                 Ice/Tmut       0%         N/A       100%        4
 Summon Ice Beast         Ice/Summ       0%         N/A       100%        4


Dungeon Overview and Level Annotations

Branches:
Dungeon (7/15)             Bailey (1/1)
 Temple: D:4-7

Altars:
Fedhas
Hepliaklqana
Wu Jian

Annotations:
D:7 1 transporter


Innate Abilities, Weirdness & Mutations

You are partially covered in iridescent scales. (AC +2)
You are partially covered in large bone plates. (SH +4)
You are clumsy. (Dex -2)


Message History

The gnoll hits you but does no damage.
You feel drained. The gnoll hits you but does no damage.
You feel drained.
There is an open door, spattered with blood here.
You swap places.
Your orc misses the orc knight.
The orc knight hits you from afar with a +0 halberd.
* * * LOW HITPOINT WARNING * * *
You swap places.
Your orc closely misses the orc knight.
Your orc barely misses the orc knight.
The orc knight hits your orc with a +0 halberd!!
Your orc dies!
There is an open door here.
You swap places.
Your orc barely misses the orc knight.
Your orc hits something from afar with a +0 trident.
Something hits your orc!
Your orc dies!
There is an open door here.
Your orc hits the orc knight but does no damage.
Your orc barely misses the orc knight.
The orc knight hits your orc with a +0 halberd!!
Your orc dies!
There is an open door here.
There is an open door here.
Things that are here:
a +1 halberd of draining; a gnoll corpse
Okay, then.
There is an open door here.
There is an open door here.
The orc knight hits you from afar with a +0 halberd.
* * * LOW HITPOINT WARNING * * *
There is an open door here.
There is an open door here.
Your magic is already full.
You feel very mighty all of a sudden.
The orc knight hits you from afar with a +0 halberd.
* * * LOW HITPOINT WARNING * * *
You feel better.
The orc knight hits you but does no damage.
The orc knight hits you with a +0 halberd!!
You die...
Beogh appreciates the orc knight's killing of a heretic priest.

### ### ##### ### ###
#∩###.###)'@###.###.#
##'##'##'###o##'##'##
##.....## ##g....##
###.....#####.....###
#)'..∩..')#.'.g⌠..')#
###.....#####.....###
##.....## #.....##
##'##'##'## +##+##'##
#.###)###)# ##.#


You could see an orc knight and 2 gnolls.

Vanquished Creatures
  An orc warrior (D:7)
  3 ice beasts
  A black bear (D:5)
  2 ogres (D:5)
  4 phantoms
  A kobold brigand (D:4)
  A necrophage (D:4)
  3 scorpions
  6 wights
  5 hounds
  A jelly (D:6)
  5 orc wizards
  5 iguanas
  3 gnolls (Bailey)
  8 adders
  A shadow imp (D:5)
  A white imp (D:6)
  3 worms
  3 dart slugs
  23 orcs
  10 bats
  8 endoplasms
  5 giant cockroaches
  16 goblins
  8 hobgoblins
  3 jackals (D:2)
  3 quokkas
  4 ball pythons
  3 frilled lizards
  29 kobolds
  6 rats
175 creatures vanquished.

Vanquished Creatures (collateral kills)
  2 gnolls (Bailey)
2 creatures vanquished.

Vanquished Creatures (others)
  A hound (D:5)
  An orc priest (D:5)
  An orc wizard (D:5)
  7 orcs
  27 plants
37 creatures vanquished.

Grand Total: 214 creatures vanquished

Notes
Turn   | Place    | Note
-------+----------+-------------------------------------------
     0 | D:1      | kingsuperguy the Hill Orc Monk began the quest for the Orb.
     0 | D:1      | Reached XP level 1. HP: 19/19 MP: 1/1
   315 | D:1      | Reached XP level 2. HP: 25/27 MP: 2/2
   792 | D:1      | Reached XP level 3. HP: 24/33 MP: 3/3
  1109 | D:1      | Found a faded altar of an unknown god.
  1573 | D:2      | Found a blossoming altar of Fedhas.
  1582 | D:2      | Reached XP level 4. HP: 28/40 MP: 4/4
  2203 | D:2      | Reached skill level 5 in Axes
  2673 | D:3      | Gained mutation: Your body sometimes deteriorates upon
                  | taking damage. [potion of mutation]
  2673 | D:3      | Gained mutation: You are partially covered in iridescent
                  | scales. (AC +2) [potion of mutation]
  2673 | D:3      | Gained mutation: You are frail. (-10% HP) [potion of
                  | mutation]
  2673 | D:3      | Gained mutation: You are mostly covered in iridescent
                  | scales. (AC +4) [potion of mutation]
  2695 | D:3      | Reached skill level 1 in Armour
  3024 | D:3      | Reached XP level 5. HP: 33/41 MP: 5/5
  3875 | D:4      | Lost mutation: Your body sometimes deteriorates upon taking
                  | damage. [potion of mutation]
  3875 | D:4      | Lost mutation: You are mostly covered in iridescent scales.
                  | (AC +4) [potion of mutation]
  3875 | D:4      | Lost mutation: You are frail. (-10% HP) [potion of
                  | mutation]
  3875 | D:4      | Gained mutation: You are clumsy. (Dex -2) [potion of
                  | mutation]
  3875 | D:4      | Gained mutation: You are partially covered in large bone
                  | plates. (SH +4) [potion of mutation]
  4104 | D:4      | Reached XP level 6. HP: 48/53 MP: 6/6
  4466 | D:4      | Reached skill level 1 in Maces & Flails
  4679 | D:4      | Reached skill level 2 in Maces & Flails
  4679 | D:4      | Reached XP level 7. HP: 57/60 MP: 7/7
  5037 | D:5      | Entered Level 5 of the Dungeon
  5049 | D:5      | Reached skill level 3 in Maces & Flails
  5068 | D:5      | Reached skill level 4 in Maces & Flails
  5268 | D:5      | Reached skill level 5 in Maces & Flails
  5389 | D:5      | Reached skill level 5 in Fighting
  5427 | D:5      | Reached XP level 8. HP: 68/68 MP: 8/8
  5513 | D:5      | Reached skill level 6 in Maces & Flails
  5514 | D:5      | Reached skill level 1 in Spellcasting
  5582 | D:5      | Became a worshipper of Beogh the Brigand
  5582 | D:5      | Reached * piety under Beogh
  5582 | D:5      | Reached ** piety under Beogh
  5677 | D:5      | Found a hazy altar of Hepliaklqana.
  5864 | D:5      | Reached skill level 1 in Shields
  5869 | D:5      | Reached skill level 7 in Maces & Flails
  6478 | D:6      | Reached skill level 8 in Maces & Flails
  6721 | D:6      | Reached XP level 9. HP: 70/74 MP: 11/11
  6780 | D:6      | Found an ornate altar of the Wu Jian Council.
  7338 | D:7      | Reached skill level 9 in Maces & Flails
  7345 | D:7      | Found a transporter.
  7382 | D:7      | Found a flagged portal.
  7397 | Bailey   | Entered a bailey
  7577 | Bailey   | Reached *** piety under Beogh
  7678 | Bailey   | Noticed an orc knight
  7688 | Bailey   | Reached skill level 11 in Maces & Flails
  7688 | Bailey   | Reached XP level 10. HP: 31/83 MP: 14/14
  7719 | Bailey   | Slain by an orc knight

Illustrated notes

Levels and vault maps discovered:
D:1:      dpeg_arrival_long_road, layout_basic, ebering_ecumenical_altar_rust,
          corner_web_ring, minmay_strange_pillars
D:2:      layout_basic, basic_altar, serial_bayou_lagoon_a,
          kennysheep_generic_room_6
D:3:      layout_rooms, eino_curves_02, serial_bayou_pond_b,
          minmay_misc_feat_ornament, hangedman_abyss_or_decor_stabs,
          nrook_mini_vaults, ebering_dispersal_statue_hall
D:4:      kennysheep_kobold_camp, layout_loops_ring
D:5:      kb_forest_paths, layout_rooms, mainiacjoe_overflow_24_doors,
          dreamdust_mushroom_princess
D:6:      layout_basic, overflow_temple_1_default, hangedman_minor_gate_pass
D:7:      gammafunk_wand_slinger, layout_loops_ring,
          minmay_temple_entry_nine_rooms, enter_bailey_3,
          uniq_crazy_yiuf_cottage
Bailey:   bailey_polearm_nasty_gnolls, bailey

Skill      XL: |  1  2  3  4  5  6  7  8  9 |
---------------+----------------------------+-----
Fighting       | 4 5 9 |  9.9
Dodging        | 3 |  3.9
Axes           | 5 6 |  6.0
Stealth        | 2 |  2.3
Armour         | 1 2 3 6 |  6.5
Maces & Flails | 2 5 8 11 | 11.5
Spellcasting   | 1 2 |  2.1
Shields        | 1 |  1.1
Invocations    | 6 |  6.6
Throwing       | |  0.2
Necromancy     | |  0.3

Action                   |  1- 3 |  4- 6 |  7- 9 | 10-12 || total
-------------------------+-------+-------+-------+-------++-------
Melee: Hand axe          |   141 |   208 |       |       ||   349
       Punch             |     1 |     3 |     2 |       ||     6
       Morningstar       |       |    42 |   243 |       ||   285
Throw: Javelin           |       |     3 |     2 |       ||     5
Invok: Convert to Beogh  |       |       |     1 |       ||     1
  Use: Potion            |     1 |     4 |     6 |     2 ||    13
       Scroll            |       |     2 |     1 |       ||     3
 Stab: Sleeping          |     6 |     5 |       |       ||    11
Armor: Robe              |    34 |       |       |       ||    34
       Leather armour    |    11 |    31 |       |       ||    42
       Skin              |       |    18 |     9 |       ||    27
       Chain mail        |       |    40 |   118 |     3 ||   161
Dodge: Dodged            |   103 |   106 |    76 |       ||   285
Block: Other             |       |    15 |    32 |       ||    47
